 Dungeon Crawl Stone Soup version 0.31.0-4-g52a2dc7128 (webtiles) character file.

Game seed: 14894227410854720902

254 Crownlay the Trooper (level 6, -2/49 HPs)
             Began as a Djinni Monk on Jan 22, 2024.
             Slain by an iguana (14 damage)
             ... on level 4 of the Dungeon.
             The game lasted 00:04:27 (3180 turns).

Crownlay the Trooper (Djinni Monk)                  Turns: 3180, Time: 00:04:28

Health: -2/49      AC:  3    Str: 10    XL:     6   Next: 38%
Gold:   229        EV: 13    Int: 14    God:
                   SH:  0    Dex: 15

rFire   + + .        a - +0 short sword
rCold   x . .        d - orb {light}
rNeg    . . .        b - +0 robe
rPois   ∞            (no helmet)
rElec   .            u - +0 cloak
rCorr   .            (no gloves)
SInv    .            (boots unavailable)
Will    .....        (no amulet)
Stlth   +            (no ring)
HPRegen 0.28/turn    (no ring)
MPRegen 0.00/turn

%: infuse magic (-3 HP)
@: flying, very slightly contaminated, glowing
A: sickness immunity, fire resistance 2, cold vulnerability 1, float, innate
caster, HP casting, extra vitality 1
a: no special abilities


You were on level 4 of the Dungeon.
You visited 1 branch of the dungeon, and saw 4 of its levels.

You collected 229 gold pieces.

Inventory:

Hand Weapons
 a - a +0 short sword (weapon)
Missiles
 q - a throwing net
Armour
 b - a +0 robe (worn)
 d - an orb of light (worn)
 u - a +0 cloak (worn)
Scrolls
 f - 2 scrolls of vulnerability {unknown}
 g - 6 scrolls of identify {unknown}
 l - a scroll of enchant weapon {unknown}
 n - 2 scrolls of revelation {unknown}
 p - a scroll of fog {unknown}
 t - a scroll of noise {unknown}
 v - a scroll of teleportation {unknown}
Potions
 c - a potion of ambrosia
 e - 2 potions of heal wounds {unknown}
 h - a potion of berserk rage {unknown}
 i - 2 potions of curing {unknown}
 j - a potion of magic {unknown}
 k - a potion of invisibility {unknown}
 m - 3 potions of might {unknown}
 o - 2 potions of haste {unknown}
 r - a potion of attraction {unknown}
 s - 2 potions of cancellation {unknown}
 w - a potion of mutation {unknown}


   Skills:
 + Level 5.2 Fighting
 - Level 2.6 Short Blades
 - Level 3.2 Dodging
 + Level 3.0 Spellcasting
 + Level 3.0 Conjurations
 + Level 3.0 Hexes
   Level 0.0 Charms
 + Level 3.0 Summonings
 + Level 3.0 Necromancy
 + Level 3.0 Translocations
   Level 0.0 Transmutations
 + Level 3.0 Fire Magic
 + Level 3.0 Ice Magic
 + Level 3.0 Air Magic
 + Level 3.0 Earth Magic
 + Level 3.0 Alchemy


You knew the following spells:

 Your Spells              Type           Power      Damage    Failure   Level
a - Freeze                Ice            40%        1d6       6%          1
b - Blink                 Tloc           20%        N/A       10%         2
Your spell library was empty.

Dungeon Overview and Level Annotations

Branches:
Dungeon (4/15)
 Temple: D:4-7

Altars:
Ashenzari


Innate Abilities, Weirdness & Mutations

You are immune to sickness and miasma.
You are immune to poison.
Your flesh is very heat resistant. (rF++)
You are vulnerable to cold. (rC-)
You float through the air rather than walking.
You learn spells naturally, not from books.
Your magical power is your life essence.
You have superior vitality. (+4 MHP)


Message History

Casting: Freeze (safe; 6% risk of failure)
Confirm with . or Enter, or press ? or * to list all spells.
Aiming: Freeze (safe; 6% risk of failure)
Press: ? - help, Shift-Dir - straight line, f - iguana
Aim: an iguana (lightly wounded, haloed)
You miscast Freeze.
You are very lightly contaminated with residual magic.
Nothing appears to happen.
The iguana bites you.
* * * LOW HITPOINT WARNING * * *
Casting: Freeze (safe; 6% risk of failure)
Confirm with . or Enter, or press ? or * to list all spells.
Aiming: Freeze (safe; 6% risk of failure)
Press: ? - help, Shift-Dir - straight line, f/p - iguana
Aim: an iguana (lightly wounded, haloed)
You freeze the iguana.
The iguana is heavily wounded.
* * * LOW HITPOINT WARNING * * *
The iguana closely misses you.
Casting: Freeze (safe; 6% risk of failure)
Confirm with . or Enter, or press ? or * to list all spells.
Aiming: Freeze (safe; 6% risk of failure)
Press: ? - help, Shift-Dir - straight line, f/p - iguana
Aim: an iguana (heavily wounded, haloed)
You freeze the iguana.
The iguana is severely wounded.
The iguana seems to slow down.
* * * LOW HITPOINT WARNING * * *
You hit the iguana but do no damage.
The iguana is severely wounded.
The iguana closely misses you.
You hit the iguana.
The iguana is almost dead.
The iguana bites you.
* * * LOW HITPOINT WARNING * * *
You hit the iguana but do no damage.
The iguana is almost dead.
You barely miss the iguana.
The iguana is almost dead.
The iguana bites you!
You die...

..........
.......... ##
####...... ###!
####### #... #...
#.. #### #l##
###### ##...
#.@####.P..# #....
##...#.P.P.#
##...#
####......###....#
###.P.........#
#####...##...
#...####. #..## ##
##..# #
########...#


You could see an iguana (slow).

Vanquished Creatures
  A water moccasin zombie (D:4)
  A bombardier beetle (D:3)
  A centaur skeleton (D:4)
  An iguana (D:4)
  A scorpion zombie (D:4)
  3 adders
  4 dart slugs
  A bat (D:1)
  4 endoplasms
  3 giant cockroaches
  3 goblins
  6 hobgoblins
  A quokka (D:3)
  7 ball pythons
  3 frilled lizards
  13 kobolds
  A quokka zombie (D:4)
  4 rats
58 creatures vanquished.

Notes
Turn   | Place    | Note
-------+----------+-------------------------------------------
     0 | D:1      | Crownlay the Djinni Monk began the quest for the Orb.
     0 | D:1      | Reached XP level 1. HP: 20/20 MP: 0/0
   138 | D:1      | Reached XP level 2. HP: 25/25 MP: 0/0
   376 | D:1      | Reached skill level 1 in Spellcasting
   376 | D:1      | Reached skill level 1 in Conjurations
   376 | D:1      | Reached skill level 1 in Hexes
   376 | D:1      | Reached skill level 1 in Summonings
   376 | D:1      | Reached skill level 1 in Necromancy
   376 | D:1      | Reached skill level 1 in Translocations
   376 | D:1      | Reached skill level 1 in Fire Magic
   376 | D:1      | Reached skill level 1 in Ice Magic
   376 | D:1      | Reached skill level 1 in Air Magic
   376 | D:1      | Reached skill level 1 in Earth Magic
   376 | D:1      | Reached skill level 1 in Alchemy
   471 | D:1      | Reached XP level 3. HP: 21/30 MP: 0/0
   471 | D:1      | Learned a level 1 spell: Freeze
   838 | D:2      | Found a broken altar of Ashenzari.
  1269 | D:2      | Reached XP level 4. HP: 33/37 MP: 0/0
  1356 | D:2      | Reached skill level 4 in Fighting
  1616 | D:3      | Found a broken altar of Ashenzari.
  1775 | D:3      | Reached XP level 5. HP: 33/41 MP: 0/0
  1775 | D:3      | Learned a level 2 spell: Blink
  2061 | D:3      | Found a faded altar of an unknown god.
  2744 | D:4      | Reached XP level 6. HP: 27/49 MP: 0/0
  3027 | D:4      | Reached skill level 5 in Fighting
  3180 | D:4      | Slain by an iguana

Illustrated notes

Levels and vault maps discovered:
D:1:      evilmike_arrival_rings, layout_basic
D:2:      minmay_kobold_bridge, layout_basic, basic_altar, minmay_cut_off
D:3:      layout_rooms, ashenzari_altar_1, basic_ecumenical_altar,
          minmay_stone_trees_large, guppyfry_early_lair_pool
D:4:      layout_layer_cave, grunt_temple_overflow_order_and_chaos_2,
          minmay_temple_entry_statues_pillars, serial_undead, serial_undead_c,
          serial_undead_b, serial_undead_d, serial_undead_f

Skill      XL: |  1  2  3  4  5  6 |
---------------+-------------------+-----
Spellcasting   | 1 2 3 |  3.0
Conjurations   | 1 2 3 |  3.0
Hexes          | 1 2 3 |  3.0
Summonings     | 1 2 3 |  3.0
Necromancy     | 1 2 3 |  3.0
Translocations | 1 2 3 |  3.0
Fire Magic     | 1 2 3 |  3.0
Ice Magic      | 1 2 3 |  3.0
Air Magic      | 1 2 3 |  3.0
Earth Magic    | 1 2 3 |  3.0
Alchemy        | 1 2 3 |  3.0
Fighting       | 4 5 |  5.2
Short Blades   | |  2.6
Dodging        | |  3.2

Action                     |  1- 3 |  4- 6 || total
---------------------------+-------+-------++-------
  Melee: Short sword       |   119 |   181 ||   300
  Throw: Throwing net      |       |     1 ||     1
   Cast: Freeze            |       |    12 ||    12
 Armour: Robe              |    52 |    76 ||   128
  Dodge: Dodged            |    65 |   109 ||   174
